 Dungeon Crawl Stone Soup version 0.28-a0-726-g4a9143789a (webtiles) character file.

Game seed: 17030923476058264100

119987 blank1 the Slayer (level 16, -8/169 HPs)
             Began as a Minotaur Fighter on Oct 27, 2021.
             Was the Champion of Okawaru.
             Mangled by an orc knight (33 damage)
             ... on level 2 of the Orcish Mines on Oct 28, 2021.
             The game lasted 01:04:25 (25217 turns).

blank1 the Slayer (Minotaur Fighter)               Turns: 25217, Time: 01:04:25

Health: -8/169     AC: 25    Str: 25    XL:     16   Next: 29%
Magic:  22/22      EV: 17    Int:  8    God:    Okawaru [******]
Gold:   2259       SH:  6    Dex: 20    Spells: 15/15 levels left

rFire   + + +      SeeInvis .   E - +4 demon whip (vamp)
rCold   + . .      Faith    .   X - +0 buckler {rC+}
rNeg    + + +      Spirit   .   k - +2 fire dragon scales
rPois   +          Reflect  .   P - +1 hat
rElec   +          Harm     .   a - +2 ratskin cloak {*Rats rPois rN+ Str-1 Int-1 Dex+1}
rCorr   .          Rampage  .   x - +1 pair of gloves "Kaze" {rElec rF+ Will+ Dex-3}
Will    ++++.      Clarity  +   K - +0 pair of boots {Fly}
Stlth   ..........              Q - amulet of the Oracle {RegenMP rC+ rN+++ Will+ Stlth-}
HPRegen 0.38/turn               O - +6 ring of dexterity
MPRegen 0.43/turn               J - ring "Vycunink" {Fly Int+4 Dex+4}

@: spiked, flying, studying 2 skills
A: horns 2, retaliatory headbutt, clarity, strong-willed 1, sturdy frame 1
a: Renounce Religion, Heroism, Finesse, Duel


You were on level 2 of the Orcish Mines.
You worshipped Okawaru.
Okawaru was exalted by your worship.
You visited 3 branches of the dungeon, and saw 23 of its levels.
You also visited: Sewer, Gauntlet and Ice Cave.

You collected 2310 gold pieces.
You spent 51 gold pieces at shops.

Inventory:

Hand Weapons
 l - a +0 vampiric eveningstar
 y - the +7 triple sword of Calamity {holy, rC+}
   (Okawaru gifted it to you on level 13 of the Dungeon)

   It has been blessed by the Shining One to cause great damage to the undead
   and demons.
   rC:        It protects you from cold.
 E - a +4 vampiric demon whip (weapon)
Missiles
 F - 2 throwing nets (quivered)
Armour
 a - the +2 ratskin cloak (worn) {*Rats rPois rN+ Str-1 Int-1 Dex+1}
   (Okawaru gifted it to you on level 6 of the Lair of Beasts)

   When the wearer is hurt, rats may emerge from it to assist them.
   Str:       It affects your strength (-1).
   Int:       It affects your intelligence (-1).
   Dex:       It affects your dexterity (+1).
   rPois:     It protects you from poison.
   rN:        It protects you from negative energy.
 k - +2 fire dragon scales (worn)
 x - the +1 pair of gloves "Kaze" (worn) {rElec rF+ Will+ Dex-3}
   (You found it on level 6 of the Lair of Beasts)

   Dex:       It affects your dexterity (-3).
   rF:        It protects you from fire.
   rElec:     It insulates you from electricity.
   Will:      It increases your willpower.
 K - a +0 pair of boots of flying (worn)
 P - a +1 hat (worn)
 X - a +0 buckler of cold resistance (worn)
Jewellery
 f - an amulet of reflection
 v - a ring of resist corrosion
 J - the ring "Vycunink" (right hand) {Fly Int+4 Dex+4}
   (You acquired it on level 1 of the Lair of Beasts)

   [ring of flight]

   Int:       It affects your intelligence (+4).
   Dex:       It affects your dexterity (+4).
   Fly:       It grants you flight.
 O - a +6 ring of dexterity (left hand)
 Q - the amulet of the Oracle (around neck) {RegenMP rC+ rN+++ Will+ Stlth-}
   (You found it in a Gauntlet)

   [amulet of magic regeneration]

   It increases your rate of magic regeneration.
   rC:        It protects you from cold.
   rN:        It renders you almost immune to negative energy.
   Will:      It increases your willpower.
   Stlth:     It makes you less stealthy.
Wands
 h - a wand of acid (14)
 z - a wand of polymorph (12)
 A - a wand of flame (65)
 C - a wand of iceblast (40)
 L - a wand of paralysis (12)
 V - a wand of digging (6)
Scrolls
 b - 2 scrolls of blinking
 g - 2 scrolls of amnesia
 i - 3 scrolls of torment
 j - 4 scrolls of fog
 m - 6 scrolls of enchant armour
 n - 3 scrolls of brand weapon
 u - 5 scrolls of identify
 w - 9 scrolls of teleportation
 B - a scroll of summoning
 I - 2 scrolls of enchant weapon
 M - 2 scrolls of fear
 R - a scroll of holy word
Potions
 d - 2 potions of might
 e - 5 potions of attraction
 o - 12 potions of curing
 p - 4 potions of flight
 q - 2 potions of brilliance
 r - 2 potions of cancellation
 s - a potion of ambrosia
 t - 6 potions of heal wounds
 D - a potion of invisibility
 G - 3 potions of lignification
 H - 2 potions of haste
 S - 2 potions of mutation
 T - 2 potions of berserk rage
 U - 2 potions of magic


   Skills:
 - Level 22.0 Fighting
 - Level 9.0 Long Blades
 - Level 12.0 Maces & Flails
 + Level 17.3 Armour
 - Level 10.0 Dodging
 - Level 6.0 Shields
 - Level 10.0 Invocations
 - Level 4.0 Evocations


You had 15 spell levels left.
You didn't know any spells.
Your spell library contained the following spells:

 Spells                   Type           Power      Damage    Failure   Level
 Apportation              Tloc           0%         N/A       56%         1
 Beastly Appendage        Tmut           0%         N/A       56%         1
 Foxfire                  Conj/Fire      0%         2x1d4     56%         1
 Shock                    Conj/Air       0%         1d3       56%         1
 Blink                    Tloc           0%         N/A       71%         2
 Corpse Rot               Necr/Air       0%         N/A       71%         2
 Ensorcelled Hibernation  Hex/Ice        0%         N/A       71%         2
 Poisonous Vapours        Pois/Air       0%         N/A       71%         2
 Slow                     Hex            0%         N/A       71%         2
 Static Discharge         Conj/Air       0%         N/A       71%         2
 Sublimation of Blood     Necr           0%         N/A       71%         2
 Wereblood                Tmut           0%         N/A       71%         2
 Confusing Touch          Hex            0%         N/A       90%         3
 Conjure Flame            Conj/Fire      0%         6-21      90%         3
 Dazzling Flash           Conj/Hex       0%         N/A       90%         3
 Inner Flame              Hex/Fire       0%         N/A       90%         3
 Lesser Beckoning         Tloc           0%         N/A       90%         3
 Spider Form              Tmut/Pois      0%         N/A       90%         3
 Stone Arrow              Conj/Erth      0%         3d7       90%         3
 Swiftness                Air            0%         N/A       90%         3
 Airstrike                Air            0%         N/A       100%        4
 Dispel Undead            Necr           0%         3d6       100%        4
 Flame Wave               Conj/Fire      0%         3d3       100%        4
 Fulminant Prism          Conj/Hex       0%         3d6       100%        4
 Leda's Liquefaction      Hex/Erth       0%         N/A       100%        4
 Petrify                  Tmut/Erth      0%         N/A       100%        4
 Sticky Flame             Conj/Fire      0%         2d3       100%        4
 Irradiate                Conj/Tmut      0%         3d13      100%        5
 Manifold Assault         Tloc           0%         N/A       100%        5
 Metabolic Englaciation   Hex/Ice        0%         N/A       100%        5
 Yara's Violent Unravell  Hex/Tmut       0%         3d3       100%        5
 Dispersal                Tloc           0%         N/A       100%        6
 Starburst                Conj/Fire      0%         6d3       100%        6
 Disjunction              Tloc           0%         N/A       100%        8
 Lehudib's Crystal Spear  Conj/Erth      0%         10d2      100%        8
 Chain Lightning          Conj/Air       0%         N/A       100%        9
 Fire Storm               Conj/Fire      0%         5d1       100%        9
 Shatter                  Erth           0%         3d5*      100%        9
 Animate Skeleton         Necr           Unusable   N/A       N/A         1
 Summon Small Mammal      Summ           Unusable   N/A       N/A         1
 Animate Armour           Summ/Erth      Unusable   N/A       N/A         4

Dungeon Overview and Level Annotations

Branches:
Dungeon (15/15)            Temple (0/1) D:6            Lair (6/6) D:8
 Shoals (0/4) Lair:2       Spider (0/4) Lair:2        Slime (0/5) Lair:5
    Orc (2/2) D:12            Elf (0/3) Orc:2        Vaults (0/5) D:14
 Depths (0/4) D:15          Sewer (visited)           IceCv (visited)
Gauntlet (visited)

Altars:
Dithmenos
Elyvilon
Gozag
Hepliaklqana
Nemelex Xobeh
Okawaru
Qazlal
Ru
Uskayaw
Yredelemnul
Zin
Beogh

Shops:
D:4 *   D:14 :

Portals:
Trove: D:12 (give +5 demon whip)

Annotations:
D:15 3 runed translucent doors, Zoufau's ghost, adept DsFi


Innate Abilities, Weirdness & Mutations

You have a pair of horns on your head.
You reflexively headbutt those who attack you in melee.
You possess an exceptional clarity of mind.
You are strong-willed. (Will+)
Your movements are slightly less encumbered by armour. (ER -2)


Message History

The orc high priest hits you with a +0 war axe.
The orc high priest calls down the wrath of Beogh upon you.
Beogh smites you! The orc misses you. You furiously retaliate!
You headbutt the orc!
You kill the orc!
You hit the orc knight but do no damage.
You headbutt the orc knight!!
The orc knight is heavily wounded.
The orc knight roars a battlecry!
The orcs go into a battle-frenzy!
The orc priest looks satisfied for a moment.
You block the red devil's attack.
You completely miss the orc high priest.
The orc sorcerer closely misses you.
The orc high priest invokes the aid of Beogh against you.
Beogh smites you!
The orc high priest hits you but does no damage.
The orc knight hits you with a +0 battleaxe!
Unknown command.
You whack the orc high priest!
The orc high priest is moderately wounded.
Your hearing returns.
The orc knight closely misses you. You furiously retaliate!
You headbutt the orc knight. The orc priest hits you with a +0 club.
The red devil hits you from afar with a +0 trident!
* * * LOW HITPOINT WARNING * * *
Barbed spikes become lodged in your body.
Something hits you but does no damage.
You whack the orc high priest!
You feel better.
The orc high priest is heavily wounded.
The orc sorcerer barely misses you.
The orc high priest prays to Beogh.
You block the orc warrior's attack.
The orc knight hits you with a +0 battleaxe!!
* * * LOW HITPOINT WARNING * * *
You hit the orc high priest but do no damage.
You headbutt the orc high priest.
The orc high priest is heavily wounded.
The orc knight hits you with a +0 war axe!!
You die...

...#≈............._.........#.##
.[.#≈.†..†.....................#
####≈.......#.................##
≈≈≈≈≈....#.###....#..........##
.).).....### ###.###.....^...##
#..)..#.## ####### #........#.##
##.#.....###...### #...........#
####...###..)3oo###...........#
#....##...))o@{###.#####.#.##
##..##..))##ooo3.### #####
#####...####343.#*
######....#*,4o÷...#*
###.#.#....##,,÷÷.÷÷.÷#
#..........#*,........#
..)).......#**÷..§....#
..)).......# #..÷.....#
..#)#......# *,,,,,,,,*


You could see 2 orc knights, 2 orc high priests, a sun demon (summoned), a rust
devil (summoned), 2 smoke demons, a ynoxinul (summoned), an orc sorcerer
(strong), a red devil (summoned), an orc warrior (strong) and an orc priest
(strong).

Vanquished Creatures
  Kirke (D:13)
  7 rockslimes (Lair:6)
  2 orc warlords
  A minotaur (Gauntlet)
  A great orb of eyes (Lair:6)
  5 boulder beetles
  3 vault guards
  5 hydras
  Erolcha (D:9)
  9 centaur warriors
  3 two-headed ogres
  3 tengu warriors
  6 death yaks
  An orc high priest (Orc:2)
  Nergalle (Orc:1)
  A fire crab (shapeshifter) (D:15)
  A spark wasp zombie (D:15)
  2 goliath frogs (Lair:6)
  A skeletal warrior (D:15)
  A wizard (D:14)
  A flayed ghost (D:15)
  A tengu zombie (D:15)
  2 bog bodies (IceCv)
  Pikel (D:9)
  An orb spider (Lair:2)
  2 orc knights (Orc:2)
  9 ugly things
  2 necromancers
  5 orc sorcerers
  2 wolf spiders (Lair:2)
  2 manticores
  A shadow dragon skeleton (D:15)
  17 slime creatures
  Maurice (D:9)
  5 cyclopes
  Joseph (D:7)
  18 elephants
  6 black mambas
  A merfolk siren (Lair:2)
  An ice statue (IceCv)
  2 gargoyles
  16 cane toads
  13 rime drakes
  A torpor snail (Gauntlet)
  A yaktaur (shapeshifter) (D:14)
  A yaktaur (D:14)
  A kobold demonologist (D:11)
  11 komodo dragons
  A guardian mummy (D:15)
  2 freezing wraiths (D:14)
  3 entropy weaver simulacra (IceCv)
  An efreet (Gauntlet)
  3 tengu conjurers
  An anaconda simulacrum (IceCv)
  A queen bee (Gauntlet)
  8 trolls
  A meliai (D:14)
  2 tyrant leeches (Lair:6)
  A meliai (shapeshifter) (D:15)
  Prince Ribbit (D:6)
  A polar bear (Lair:5)
  A meliai zombie (D:15)
  22 blink frogs
  A blink frog (shapeshifter) (D:13)
  An ettin zombie (D:15)
  Sigmund (D:5)
  6 hogs (D:13)
  17 humans (D:14)
  2 wraiths (D:14)
  51 yaks
  11 wyverns
  4 fire elementals
  5 death yak simulacra (IceCv)
  2 steam dragons
  13 vampire mosquitoes
  8 basilisks
  Menkaure (D:7)
  2 swamp worms (Lair:3)
  7 wargs
  Edmund (D:6)
  A hell hound (Gauntlet)
  19 water moccasins
  Duvessa (D:5)
  2 acid dragons
  2 ice beasts (D:7)
  26 orc warriors
  4 black bears
  2 sky beasts
  A necrophage (D:5)
  A tengu (shapeshifter) (D:14)
  2 ogres
  3 boggarts (D:14)
  The ghost of flotson the Sneak, an amateur DsDe (D:3)
  27 wolves
  12 centaurs
  4 kobold brigands
  25 bullfrogs
  A wyvern zombie (D:8)
  2 gnoll sergeants
  7 two-headed ogre simulacra (IceCv)
  Dowan (D:5)
  2 cane toad simulacra (IceCv)
  A scorpion (D:4)
  A water moccasin skeleton (D:6)
  3 elephant simulacra (IceCv)
  24 killer bees
  2 electric eels
  5 howler monkeys
  A lava snake (D:12)
  9 centaur zombies
  A gnoll shaman (D:7)
  A hound (D:6)
  13 jellies
  11 orc priests
  Crazy Yiuf (D:6)
  3 centaur skeletons
  2 bullfrog skeletons
  An iguana (D:7)
  15 orc wizards
  11 hell rats
  6 troll simulacra (IceCv)
  A polar bear simulacrum (IceCv)
  2 spriggan simulacra (IceCv)
  2 wolf simulacra (IceCv)
  2 killer bee zombies (D:7)
  3 howler monkey zombies
  18 gnolls
  15 adders
  4 naga simulacra (IceCv)
  2 river rats (Sewer)
  4 white imps
  6 ufetubi (IceCv)
  2 worms (D:3)
  A dart slug (D:2)
  53 orcs
  8 bats
  8 endoplasms
  6 giant cockroaches
  5 goblins
  8 hobgoblins
  A jackal (Sewer)
  A quokka (D:1)
  4 ball pythons
  3 frilled lizards
  16 kobolds
  8 rats
  A butterfly (Lair:6)
803 creatures vanquished.

Vanquished Creatures (others)
  A white imp (IceCv)
  An ufetubus (IceCv)
  24 demonic plants (Gauntlet)
  29 fungi
  100 plants
  24 withered plants
179 creatures vanquished.

Grand Total: 982 creatures vanquished

Notes
Turn   | Place    | Note
-------+----------+-------------------------------------------
     0 | D:1      | blank1 the Minotaur Fighter began the quest for the Orb.
     0 | D:1      | Reached XP level 1. HP: 19/19 MP: 0/0
    26 | D:1      | Found a faded altar of an unknown god.
   276 | D:1      | Reached XP level 2. HP: 27/27 MP: 1/1
  1283 | D:3      | Reached skill level 4 in Fighting
  1290 | D:3      | Reached XP level 3. HP: 3/33 MP: 2/2
  1291 | D:3      | HP: 1/33 [poisoned by an adder]
  1292 | D:3      | Gained mutation: You possess an exceptional clarity of
                  | mind. [potion of mutation]
  1292 | D:3      | Gained mutation: You have hidden genetic potential. [potion
                  | of mutation]
  1579 | D:3      | Reached skill level 1 in Evocations
  1716 | D:3      | Found a glowing drain.
  1746 | Sewer    | Entered a sewer
  1752 | Sewer    | Reached XP level 4. HP: 39/40 MP: 3/3
  1773 | Sewer    | Gained mutation: You are strong-willed. (Will+) [hidden
                  | potential]
  1884 | Sewer    | Noticed a kobold brigand
  1904 | Sewer    | Killed a kobold brigand
  1905 | Sewer    | Reached XP level 5. HP: 18/46 MP: 4/4
  1915 | Sewer    | Gained mutation: Your movements are slightly less
                  | encumbered by armour. (ER -2) [hidden potential]
  1915 | Sewer    | Lost mutation: You have hidden genetic potential. [hidden
                  | potential expressed]
  2100 | Sewer    | Found a white marble altar of Elyvilon.
  2154 | D:3      | Identified a scroll of acquirement
  2154 | D:3      | Acquired a +0 vampiric eveningstar
  2319 | D:3      | Found a hazy altar of Hepliaklqana.
  2319 | D:3      | Found an iron altar of Okawaru.
  2319 | D:3      | Found a white marble altar of Elyvilon.
  2330 | D:3      | Became a worshipper of Warmaster Okawaru
  2420 | D:3      | Found a runed translucent door.
  2482 | D:3      | Noticed flotson's ghost (amateur DsDe)
  2500 | D:3      | Killed flotson's ghost
  2501 | D:3      | Reached skill level 1 in Maces & Flails
  2501 | D:3      | Reached skill level 1 in Invocations
  2659 | D:4      | Reached XP level 6. HP: 53/53 MP: 4/6
  2723 | D:4      | Found a sparkling altar of Nemelex Xobeh.
  2839 | D:4      | Found Hothraupn's Assorted Antiques.
  2850 | D:4      | Bought a scroll labelled ZAJEUPTA ULOORAOSCH for 17 gold
                  | pieces
  2850 | D:4      | Bought 2 scrolls labelled ICACUCOIGIU for 34 gold pieces
  3002 | D:4      | Reached skill level 5 in Fighting
  3297 | D:4      | Reached * piety under Okawaru
  3298 | D:4      | Reached skill level 1 in Dodging
  3499 | D:5      | Entered Level 5 of the Dungeon
  3499 | D:5      | Noticed Sigmund
  3507 | D:5      | Reached XP level 7. HP: 40/61 MP: 8/8
  3509 | D:5      | Killed Sigmund
  3606 | D:5      | Reached skill level 6 in Fighting
  3606 | D:5      | Reached skill level 5 in Armour
  3642 | D:5      | Reached ** piety under Okawaru
  3643 | D:5      | Reached skill level 5 in Maces & Flails
  3958 | D:5      | Reached XP level 8. HP: 64/70 MP: 9/9
  4032 | D:5      | Noticed Dowan
  4033 | D:5      | Noticed Duvessa
  4041 | D:5      | Killed Duvessa
  4048 | D:5      | Killed Dowan
  4607 | D:6      | Reached skill level 7 in Fighting
  4969 | D:6      | Reached skill level 8 in Fighting
  4970 | D:6      | Reached *** piety under Okawaru
  4974 | D:6      | Noticed Edmund
  4997 | D:6      | Killed Edmund
  4998 | D:6      | Reached XP level 9. HP: 29/81 MP: 8/11
  5260 | D:6      | Found a staircase to the Ecumenical Temple.
  5328 | D:6      | Noticed Prince Ribbit
  5364 | D:6      | Killed Prince Ribbit
  5571 | D:6      | Found a runed translucent door.
  5572 | D:6      | Noticed Crazy Yiuf
  5703 | D:6      | Killed Crazy Yiuf
  6124 | D:7      | Noticed Menkaure
  6142 | D:7      | Killed Menkaure
  6174 | D:7      | You fall into a shaft and drop 1 floor!
  6427 | D:8      | Reached skill level 9 in Fighting
  6430 | D:8      | Reached **** piety under Okawaru
  6917 | D:7      | Received a gift from Okawaru
  6922 | D:7      | Found an opulent altar of Gozag.
  7180 | D:7      | Reached XP level 10. HP: 93/93 MP: 12/12
  7379 | D:7      | Reached skill level 10 in Fighting
  7379 | D:7      | Reached skill level 10 in Maces & Flails
  7407 | D:7      | Noticed Joseph
  7419 | D:7      | Killed Joseph
  8077 | D:8      | Noticed a death yak
  8077 | D:8      | Noticed a death yak
  8108 | D:8      | Killed a death yak
  8109 | D:8      | Reached skill level 5 in Dodging
  8109 | D:8      | Reached skill level 5 in Shields
  8116 | D:8      | Killed a death yak
  8116 | D:8      | Reached ***** piety under Okawaru
  8132 | D:8      | Noticed a death yak
  8132 | D:8      | Noticed a death yak
  8133 | D:8      | Noticed a death yak
  8188 | D:7      | Killed a death yak
  8331 | D:8      | Noticed a death yak
  8346 | D:7      | Killed a death yak
  8347 | D:7      | Reached skill level 11 in Fighting
  8456 | D:8      | Killed a death yak
  8512 | D:8      | Killed a death yak
  8513 | D:8      | Reached skill level 5 in Invocations
  8513 | D:8      | Reached XP level 11. HP: 104/104 MP: 13/13
  8591 | D:8      | Found a staircase to the Lair.
  8943 | D:9      | Noticed Pikel
  8961 | D:9      | Killed Pikel
  9028 | D:9      | Reached ****** piety under Okawaru
  9029 | D:9      | Reached skill level 12 in Fighting
  9100 | D:9      | Noticed a red ugly thing
  9113 | D:9      | Killed a red ugly thing
  9113 | D:9      | Received a gift from Okawaru
  9163 | D:9      | Noticed a centaur warrior
  9169 | D:9      | Killed a centaur warrior
  9439 | D:9      | Noticed Maurice
  9448 | D:9      | Killed Maurice
  9449 | D:9      | Reached skill level 10 in Armour
  9772 | D:9      | Noticed Erolcha
  9777 | D:9      | Killed Erolcha
  9988 | D:10     | Entered Level 10 of the Dungeon
 10008 | D:10     | Found a glowing silver altar of Zin.
 10352 | D:10     | Noticed a two-headed ogre
 10362 | D:10     | Killed a two-headed ogre
 10363 | D:10     | Reached skill level 13 in Fighting
 10962 | Lair:1   | Entered Level 1 of the Lair of Beasts
 10977 | Lair:1   | Got the Grimoire of Curses
 11062 | Lair:1   | Received a gift from Okawaru
 11068 | Lair:1   | Reached skill level 14 in Fighting
 11068 | Lair:1   | Reached XP level 12. HP: 117/117 MP: 14/14
 11183 | Lair:1   | You fall into a shaft and drop 1 floor!
 11352 | Lair:1   | Acquired the ring "Vycunink" {Fly Int+4 Dex+4}
 12066 | Lair:2   | Reached skill level 15 in Fighting
 12069 | Lair:2   | Received a gift from Okawaru
 12124 | Lair:2   | Found a hole to the Spider Nest.
 12254 | Lair:2   | Noticed an eight-headed hydra
 12261 | Lair:2   | Killed an eight-headed hydra
 12577 | Lair:2   | Reached skill level 16 in Fighting
 12744 | Lair:2   | Reached XP level 13. HP: 116/128 MP: 17/17
 12807 | Lair:2   | Found a staircase to the Shoals.
 13223 | Lair:3   | Identified the +6 morningstar of the Median {freeze, rPois}
                  | (Okawaru gifted it to you on level 3 of the Lair of Beasts)
 13223 | Lair:3   | Received a gift from Okawaru
 14928 | Lair:5   | Reached skill level 17 in Fighting
 15185 | Lair:5   | Reached skill level 10 in Dodging
 15247 | Lair:5   | Received a gift from Okawaru
 15701 | Lair:5   | Found a staircase to the Slime Pits.
 15892 | Lair:5   | Got the Collected Works on the Blistering Voyage
 16258 | Lair:6   | Entered Level 6 of the Lair of Beasts
 16380 | Lair:6   | Identified the +1 pair of gloves "Kaze" {rElec rF+ Will+
                  | Dex-3}
 16401 | Lair:6   | Reached XP level 14. HP: 140/140 MP: 19/19
 16547 | Lair:6   | Received a gift from Okawaru
 16547 | Lair:6   | Found the +2 ratskin cloak {*Rats rPois rN+ Str-1 Int-1
                  | Dex+1}
 16856 | Lair:6   | Reached skill level 15 in Armour
 16933 | Lair:6   | Reached skill level 18 in Fighting
 17226 | Lair:6   | Noticed a rockslime
 17226 | Lair:6   | Noticed a rockslime
 17226 | Lair:6   | Noticed a rockslime
 17227 | Lair:6   | Noticed a rockslime
 17227 | Lair:6   | Noticed a rockslime
 17240 | Lair:6   | Killed a rockslime
 17244 | Lair:6   | Killed a rockslime
 17244 | Lair:6   | Noticed a rockslime
 17250 | Lair:6   | Killed a rockslime
 17250 | Lair:6   | Noticed a rockslime
 17258 | Lair:6   | Killed a rockslime
 17281 | Lair:6   | Killed a rockslime
 17296 | Lair:6   | Killed a rockslime
 17321 | Lair:6   | Killed a rockslime
 17690 | D:11     | Found a gate leading to a gauntlet.
 17699 | Gauntlet | Entered a Gauntlet
 17699 | Gauntlet | Found a transporter.
 17699 | Gauntlet | Found a transporter.
 17699 | Gauntlet | Found a transporter.
 17699 | Gauntlet | Found a transporter.
 17719 | Gauntlet | Found a transporter.
 17721 | Gauntlet | Found a large runed translucent door.
 17722 | Gauntlet | Found a large runed translucent door.
 17723 | Gauntlet | Found a large runed translucent door.
 17723 | Gauntlet | Found a large runed translucent door.
 17723 | Gauntlet | Found a runed translucent door.
 17723 | Gauntlet | Found a runed translucent door.
 17724 | Gauntlet | Found a large runed translucent door.
 17725 | Gauntlet | Found a large runed translucent door.
 17726 | Gauntlet | Found a large runed translucent door.
 17726 | Gauntlet | Found a large runed translucent door.
 17727 | Gauntlet | Found a runed translucent gate.
 17727 | Gauntlet | Found a runed translucent gate.
 17727 | Gauntlet | Found a runed translucent gate.
 17729 | Gauntlet | Found a transporter.
 17733 | Gauntlet | Found a transporter.
 17743 | Gauntlet | Found a transporter.
 17764 | Gauntlet | Found a transporter.
 17781 | Gauntlet | Found a transporter.
 17785 | Gauntlet | Found a transporter.
 17795 | Gauntlet | Found a transporter.
 17835 | Gauntlet | Found a large runed translucent door.
 17836 | Gauntlet | Found a large runed translucent door.
 17837 | Gauntlet | Found a large runed translucent door.
 17837 | Gauntlet | Found a large runed translucent door.
 17838 | Gauntlet | Found a large runed translucent door.
 17839 | Gauntlet | Found a large runed translucent door.
 17840 | Gauntlet | Found a large runed translucent door.
 17840 | Gauntlet | Found a large runed translucent door.
 17950 | Gauntlet | Reached skill level 19 in Fighting
 18016 | Gauntlet | Identified the amulet of the Oracle {RegenMP rC+ rN+++
                  | Will+ Stlth-}
 18047 | Gauntlet | Received a gift from Okawaru
 18054 | Gauntlet | Identified the ring "Gaycoe Wiag" {*Slow +Blink Fly rCorr
                  | Int-3}
 18487 | D:11     | Found a hide-covered altar of Uskayaw.
 19239 | D:12     | Reached XP level 15. HP: 155/155 MP: 20/20
 19331 | D:12     | Reached skill level 20 in Fighting
 19427 | D:12     | Found a staircase to the Orcish Mines.
 19650 | D:12     | Found a portal to a secret trove of treasure.
 20006 | D:13     | Noticed Kirke
 20019 | D:13     | Killed Kirke
 20019 | D:13     | Identified the +7 triple sword of Calamity {holy, rC+}
                  | (Okawaru gifted it to you on level 13 of the Dungeon)
 20019 | D:13     | Received a gift from Okawaru
 21075 | D:14     | Found Zoyqec's Book Emporium.
 21113 | D:14     | Found a stormy altar of Qazlal.
 21261 | D:14     | Reached skill level 21 in Fighting
 21316 | D:14     | Received a gift from Okawaru
 21642 | D:14     | Found a gate to the Vaults.
 21681 | D:14     | Reached skill level 5 in Long Blades
 21808 | D:14     | Acquired a manual of Armour
 21887 | D:14     | Found a shadowy altar of Dithmenos.
 21891 | D:14     | You are sucked into a shaft and drop 1 floor!
 21891 | D:15     | Entered Level 15 of the Dungeon
 22105 | D:15     | Found a runed translucent gate.
 22105 | D:15     | Found a runed translucent gate.
 22105 | D:15     | Found a runed translucent gate.
 22105 | D:15     | Noticed Zoufau's ghost (adept DsFi)
 22107 | D:15     | Found a basalt altar of Yredelemnul.
 22167 | D:15     | Reached skill level 10 in Invocations
 22171 | D:15     | Identified the +0 cloak "Damy" {rElec rF+} (Okawaru gifted
                  | it to you on level 15 of the Dungeon)
 22171 | D:15     | Received a gift from Okawaru
 22237 | D:15     | Found a sacrificial altar of Ru.
 22677 | D:15     | Found a staircase to the Depths.
 23261 | Orc:1    | Entered Level 1 of the Orcish Mines
 23330 | Orc:1    | Noticed an orc warlord
 23355 | Orc:1    | Killed an orc warlord
 23356 | Orc:1    | Reached XP level 16. HP: 168/168 MP: 22/22
 23456 | Orc:1    | Noticed Nergalle
 23466 | Orc:1    | Killed Nergalle
 23759 | Orc:2    | Entered Level 2 of the Orcish Mines
 23771 | Orc:2    | Found a frozen archway.
 23802 | IceCv    | Entered an ice cave
 24108 | IceCv    | Reached skill level 22 in Fighting
 25198 | Orc:2    | Received a gift from Okawaru
 25217 | Orc:2    | Mangled by an orc knight

Illustrated notes

Levels and vault maps discovered:
D:1:      minmay_arrival_loop, layout_basic,
          shapermc_ecumenical_altar_starsandcircs
D:2:      layout_basic
D:3:      layout_rooms, gammafunk_temple_overflow_forgotten,
          portal_sewer_entry_a, ebering_ghost_reflecting_pool,
          small_statue_intersection
D:4:      layout_basic, mainiacjoe_overflow_24_doors, serial_shops,
          shop_fountains
D:5:      layout_loops_corners, uniq_duvessa, uniq_sigmund
D:6:      layout_cave_pools, minmay_temple_entry_offerings, minivault_23,
          uniq_prince_ribbit1, uniq_edmund, uniq_crazy_yiuf_cottage
D:7:      layout_layer_cave, old_standard_altar,
          nicolae_ossuary_entry_false_entrances, hangedman_decor_lopped,
          minmay_crystal_room, uniq_menkaure, uniq_joseph
D:8:      layout_cave_pools, dpeg_lair_monsters
D:9:      minmay_distorted_concentric_squares, layout_basic, uniq_erolcha,
          uniq_pikel, uniq_maurice
D:10:     layout_gridville, zin_statuary, moated_statue
D:11:     layout_loops_ring, gauntlet_entry_generic, nrook_loot_triangle,
          grunt_ministairs_5, nicolae_uskayaw_dance_studio
D:12:     layout_big_octagon, orc_0_dummy, enter_trove_5,
          hangedman_abyss_or_decor_clamps
D:13:     layout_loops_ring, uniq_kirke
D:14:     cheibrodos_fzero, layout_rooms, grunt_vaults_entry_tiered,
          serial_shops, nicolae_shop_crystal, nicolae_qazlal_eye_of_the_storm,
          nicolae_dithmenos_through_a_glass_darkly
D:15:     gammafunk_depths_entry_grave, layout_loops_cross,
          hangedman_ru_absence, nicolae_yredelemnul_ghost_church
Lair:1:   layout_gridlike, beast_lair_carwin_11
Lair:2:   minmay_lair_venomous_thicket, layout_chaotic_city,
          minmay_shoals_entry_lonely_mermaid, nicolae_spider_entry_orb_guardian,
          infiniplex_staircase_pool
Lair:3:   layout_long_grid, worms_lemuel, grunt_megastairs_5
Lair:4:   layout_roguey
Lair:5:   layout_roguey [special_room_mythical_zoo],
          nicolae_slime_entry_slimehenge
Lair:6:   minmay_lair_end_frog_pond, layout_long_grid, special_room
          [special_room_jelly], lemuel_fruit_fields
Orc:1:    layout_caves, mines1_david, uniq_nergalle
Orc:2:    grunt_orc_tribal_feast, layout_diamond_mine, portal_ice_cave_rime,
          basic_altar, uniq_jorgrun

Skill      XL: |  1  2  3  4  5  6  7  8  9 10 11 12 13 14 15 16 |
---------------+-------------------------------------------------+-----
Fighting       | 4 5 6 8 9 11 14 16 17 19 21 22 | 22.0
Armour         | 4 5 7 8 10 12 14 16 17 | 17.3
Long Blades    | 3 4 7 9 |  9.0
Shields        | 4 5 6 |  6.0
Evocations     | 1 3 4 |  4.0
Maces & Flails | 2 3 5 6 9 11 12 | 12.0
Invocations    | 1 3 4 5 7 8 10 | 10.0
Dodging        | 2 3 4 5 7 10 | 10.0

Action                   |  1- 3 |  4- 6 |  7- 9 | 10-12 | 13-15 | 16-18 || total
-------------------------+-------+-------+-------+-------+-------+-------++-------
Melee: Long sword        |    78 |    29 |       |       |       |       ||   107
       Headbutt          |     7 |    20 |    53 |   164 |   640 |   109 ||   993
       Eveningstar       |       |    85 |   278 |   156 |       |       ||   519
       Demon whip        |       |       |       |   466 |  1680 |   331 ||  2477
Invok: Heroism           |       |       |     4 |     4 |     8 |     1 ||    17
       Finesse           |       |       |       |       |     1 |       ||     1
  Use: Scroll            |     2 |     6 |     4 |     7 |    10 |     2 ||    31
       Potion            |     3 |     1 |     2 |       |       |       ||     6
Armor: Scale mail        |    36 |    46 |    52 |       |       |       ||   134
       Chain mail        |       |       |    93 |   166 |   187 |       ||   446
       Fire dragon scale |       |       |       |       |   280 |    75 ||   355
       Ice dragon scales |       |       |       |       |       |    16 ||    16
Dodge: Dodged            |    29 |    51 |   163 |   172 |   700 |   197 ||  1312
Block: Buckler           |    41 |    52 |   225 |   231 |   509 |    94 ||  1152
       Reflection        |     1 |     2 |     9 |     9 |     1 |       ||    22

Table legend: (Time is in decaauts)
 A = Elapsed time spent in this place.
 B = Non-inter-level travel time spent in this place.
 C = Inter-level travel time spent in this place.
 D = Time resting spent in this place.
 E = Time spent auto-exploring this place.
 F = Levels seen in this place.
 G = Mean time per level.
                   A        B        C        D        E       F      G
               +--------+--------+--------+--------+--------+-----+--------+
         Total |  24098 |  22999 |   1099 |   2700 |  15090 |  26 |  926.8 |
       Dungeon |  15465 |  14680 |    785 |   2037 |   9688 |  15 | 1031.0 |
          Lair |   6029 |   5738 |    291 |    412 |   3930 |   6 | 1004.8 |
  Orcish Mines |    906 |    884 |     22 |      0 |    584 |   2 |  453.0 |
         Sewer |    430 |    430 |      0 |    171 |    187 |   1 |  430.0 |
      Ice Cave |    872 |    872 |      0 |     80 |    569 |   1 |  872.0 |
      Gauntlet |    394 |    394 |      0 |      0 |    132 |   1 |  394.0 |
               +--------+--------+--------+--------+--------+-----+--------+

Top non-repeatable levels by time:
     D:7: 1660 daAuts
     D:6: 1299 daAuts
     D:5: 1264 daAuts
     D:9: 1224 daAuts
    D:14: 1163 daAuts
    D:15: 1151 daAuts
  Lair:5: 1147 daAuts
  Lair:2: 1129 daAuts
     D:8: 1091 daAuts
    D:11: 1022 daAuts
  Lair:3: 998 daAuts
  Lair:6: 994 daAuts
    D:10: 957 daAuts
  Lair:1: 943 daAuts
     D:4: 900 daAuts
